 Dungeon Crawl Stone Soup version 0.21.0 (webtiles) character file.

8293 AllRandomAllDemise the Severer (level 11, -1/156 HPs)
             Began as a Minotaur Berserker on Jan 7, 2018.
             Was an Elder of Trog.
             Slain by a 14-headed hydra (14 damage)
             ... on level 2 of the Lair of Beasts.
             The game lasted 00:05:03 (6919 turns).

AllRandomAllDemise the Severer (Minotaur Berserker) Turns: 6919, Time: 00:05:03

Health: -1/156     AC:  9    Str: 28    XL:     11   Next: 8%
Magic:  10/10      EV:  9    Int:  4    God:    Trog [****..]
Gold:   165        SH:  0    Dex: 12    Spells: 10/10 levels left

rFire    + . .     SeeInvis .   a - +0 hand axe
rCold    . . .     Gourm    .   (no shield)
rNeg     . . .     Faith    .   h - +1 chain mail
rPois    .         Spirit   .   (helmet restricted)
rElec    .         Reflect  .   (no cloak)
rCorr    .         Harm     .   (no gloves)
MR       .....                  (no boots)
Stlth    ..........             (no amulet)
HPRegen  0.36/turn              c - ring of protection from fire
MPRegen  0.12/turn              (no ring)

@: berserking, very quick
A: retaliatory headbutt, horns 2
a: Berserk, Trog's Hand, Brothers in Arms, Burn Spellbooks, Renounce Religion


You were on level 2 of the Lair of Beasts.
You worshipped Trog.
Trog was greatly pleased with you.
You were hungry.

You visited 2 branches of the dungeon, and saw 12 of its levels.

You collected 165 gold pieces.

Inventory:

Hand Weapons
 a - a +0 hand axe (weapon)
Armour
 h - a +1 chain mail (worn)
Jewellery
 c - a ring of protection from fire (left hand)
Wands
 d - a wand of acid (22)
 k - a wand of disintegration (9)
Scrolls
 e - 4 scrolls of teleportation
 f - 3 scrolls of enchant armour
 g - a scroll of enchant weapon {unknown}
 o - a scroll of identify {unknown}
Potions
 b - 2 potions of mutation {unknown}
 i - 3 potions of magic {unknown}
 j - 3 potions of curing {unknown}
 m - 2 potions of invisibility {unknown}
 n - a potion of brilliance {unknown}
Comestibles
 l - a ration
 p - 5 chunks of flesh


   Skills:
 + Level 12.1 Fighting
 * Level 16.0 Axes
 - Level 2.4 Armour
 - Level 2.1 Dodging


You had 10 spell levels left.
You didn't know any spells.

Dungeon Overview and Level Annotations

Branches:
Dungeon (10/15)            Temple (0/1) D:5            Lair (2/6) D:9
  Swamp: Lair:2-4    Shoals: Lair:2-4     Snake: Lair:2-4    Spider: Lair:2-4
    Orc: D:9-12

Altars:
Makhleb


Innate Abilities, Weirdness & Mutations

You reflexively headbutt those who attack you in melee.
You have a pair of horns on your head.


Message History

You are too injured to fight recklessly!
Unknown command.
You hack one of the 13-headed hydra's heads off!
The 12-headed hydra grows two more!
You hit the 14-headed hydra.
The 14-headed hydra is heavily wounded.
The 14-headed hydra bites you! The 14-headed hydra closely misses you.
The 14-headed hydra bites you but does no damage.
The 14-headed hydra closely misses you. x2
The 14-headed hydra bites you but does no damage.
The 14-headed hydra bites you! The 14-headed hydra barely misses you.
The 14-headed hydra bites you!
* * * LOW HITPOINT WARNING * * *
The 14-headed hydra bites you but does no damage.
The 14-headed hydra completely misses you.
The 14-headed hydra bites you!
* * * LOW HITPOINT WARNING * * *
The 14-headed hydra bites you!
* * * LOW HITPOINT WARNING * * *
The 14-headed hydra bites you!
You die...

.. ..................
#. ###..............
#.#####..............
##.....#.......#.#...#
#.....#.....#.........
#...........+.........
##.........>#.......
#....#............
#...@#.....#+.P...
#...D##...... .
#....##.......
###..#..)..... ....
....... ..... .....
.......


You could see a 14-headed hydra.

Vanquished Creatures
  2 two-headed ogres
  3 death yaks (D:9)
  A spiny frog (Lair:1)
  2 hippogriffs
  8 yaks
  3 porcupines (Lair:1)
  3 water moccasins (Lair:1)
  An orc warrior (D:8)
  An ice beast (D:8)
  2 phantoms
  A necrophage (D:9)
  6 ogres
  4 wolves (Lair:1)
  6 centaurs
  2 big kobolds
  3 bullfrogs
  A scorpion (D:8)
  3 killer bees (D:8)
  3 howler monkeys (D:9)
  3 crimson imps
  3 hounds
  A jelly (D:9)
  Ijyb (D:3)
  2 worker ants
  2 hound skeletons
  A howler monkey skeleton (D:4)
  5 adders
  2 worms
  3 leopard geckos
  9 orcs
  A giant cockroach (D:3)
  3 hobgoblins
  8 jackals
  4 quokkas
  4 bats
  2 frilled lizards
  A goblin (D:2)
  A jackal skeleton (D:4)
  10 kobolds
  4 rats
125 creatures vanquished.

Notes
Turn   | Place    | Note
-------+----------+-------------------------------------------
     0 | D:1      | AllRandomAllDemise the Minotaur Berserker began the quest for the Orb.
     0 | D:1      | Reached XP level 1. HP: 19/19 MP: 0/0
    54 | D:1      | Reached skill level 4 in Axes
    74 | D:1      | Reached XP level 2. HP: 15/27 MP: 1/1
   353 | D:3      | Reached XP level 3. HP: 33/33 MP: 2/2
   408 | D:3      | Reached ** piety under Trog
   561 | D:3      | Noticed Ijyb
   575 | D:3      | HP: 4/49 [Ijyb/vampiric dagger (2)]
   578 | D:3      | Killed Ijyb
   578 | D:3      | Reached skill level 5 in Axes
   609 | D:3      | Reached XP level 4. HP: 18/41 MP: 3/3
  1144 | D:5      | Entered Level 5 of the Dungeon
  1451 | D:5      | Found a staircase to the Ecumenical Temple.
  1513 | D:6      | Reached skill level 5 in Fighting
  1513 | D:6      | Reached skill level 6 in Axes
  1513 | D:6      | Reached XP level 5. HP: 45/48 MP: 4/4
  1635 | D:6      | Noticed an ogre
  1639 | D:6      | Killed an ogre
  1807 | D:6      | Found a burning altar of Makhleb.
  1808 | D:6      | Noticed a centaur
  1816 | D:6      | Killed a centaur
  1816 | D:6      | Reached skill level 7 in Axes
  1816 | D:6      | Reached XP level 6. HP: 22/57 MP: 5/5
  2161 | D:8      | Reached skill level 8 in Axes
  2164 | D:8      | Reached XP level 7. HP: 44/63 MP: 6/6
  2212 | D:8      | Got a smoking leather armour
  2224 | D:8      | Identified the cursed +0 leather armour "Pymimehu" {rC+ Int+6 Dex+2} (You found it on level 8 of the Dungeon)
  2578 | D:8      | Reached skill level 9 in Axes
  3041 | D:8      | Reached XP level 8. HP: 71/73 MP: 7/7
  3049 | D:8      | Reached skill level 10 in Axes
  3353 | D:8      | Noticed a hippogriff
  3362 | D:8      | Killed a hippogriff
  4122 | D:8      | Reached *** piety under Trog
  4155 | D:8      | Reached skill level 11 in Axes
  4479 | D:9      | Paralysed by fainting for 9 turns
  4559 | D:9      | Noticed a two-headed ogre
  4570 | D:9      | Killed a two-headed ogre
  4570 | D:9      | Reached skill level 12 in Axes
  4570 | D:9      | Reached XP level 9. HP: 83/83 MP: 8/8
  4781 | D:9      | Noticed a death yak
  4817 | D:9      | Killed a death yak
  4817 | D:9      | Reached skill level 10 in Fighting
  4817 | D:9      | Reached skill level 13 in Axes
  5045 | D:9      | Noticed a death yak
  5050 | D:9      | Noticed a death yak
  5072 | D:9      | Killed a death yak
  5072 | D:9      | Reached skill level 14 in Axes
  5072 | D:9      | Reached XP level 10. HP: 21/94 MP: 9/9
  5073 | D:9      | Killed a death yak
  5141 | D:9      | Found a staircase to the Lair.
  5579 | D:9      | You fall through a shaft!
  5579 | D:10     | Entered Level 10 of the Dungeon
  5579 | D:10     | Noticed a two-headed ogre
  5584 | D:10     | Killed a two-headed ogre
  5584 | D:10     | Reached skill level 15 in Axes
  5905 | Lair:1   | Entered Level 1 of the Lair of Beasts
  6509 | Lair:1   | Noticed a spiny frog
  6514 | Lair:1   | Killed a spiny frog
  6568 | Lair:1   | Reached **** piety under Trog
  6716 | Lair:1   | Reached XP level 11. HP: 104/104 MP: 10/10
  6724 | Lair:1   | Reached skill level 16 in Axes
  6910 | Lair:2   | Noticed an eight-headed hydra
  6919 | Lair:2   | HP: 13/156 [14-headed hydra (14)]
  6919 | Lair:2   | Slain by a 14-headed hydra

Skill      XL: |  1  2  3  4  5  6  7  8  9 10 11 |
---------------+----------------------------------+-----
Axes           | 4 5 6 7 8 9 12 14 15 16 | 16.0
Fighting       | 4 5 6 7 9 10 12 | 12.1
Armour         | |  2.4
Dodging        | |  2.1

Action                   |  1- 3 |  4- 6 |  7- 9 | 10-12 || total
-------------------------+-------+-------+-------+-------++-------
Melee: Hand axe          |    58 |    54 |   210 |   137 ||   459
       Headbutt          |     9 |    13 |    48 |    33 ||   103
Invok: Berserk           |     2 |     5 |     8 |     5 ||    20
       Trog's Hand       |     2 |       |     4 |     1 ||     7
       Burn Spellbooks   |       |     1 |       |       ||     1
Evoke: Wand              |       |       |     3 |       ||     3
  Use: Scroll            |     1 |       |     6 |       ||     7
  Eat: Chunk             |     2 |     8 |     7 |    11 ||    28
       Ration            |       |       |     3 |       ||     3
Armor: Animal skin       |    14 |     8 |     1 |       ||    23
       Leather armour    |       |       |     7 |       ||     7
       Chain mail        |       |       |    51 |    61 ||   112
Dodge: Dodged            |    50 |    33 |    88 |    53 ||   224
